| TOP OF THE 1ST |
|
Southern Maryland Blue Crabs batting - Pitching for Brockton Rox : RHP Nate Rollyson
|
|
Pitching: RHP Nate Rollyson
|
|
|
Batting: RHB Eddie Morin
|
0-0: Ground out 5-3 (Groundball, 56, EV 105.6 MPH)
|
|
Batting: LHB Sam Hontz
|
0-0: Foul Ball, location: 2F 0-1: Called Strike 0-2: Strikes out looking
|
|
Batting: RHB Oscar Chapa
|
0-0: Called Strike 0-1: Foul Ball, location: 2F 0-2: SINGLE (Line Drive, 78M, EV 85.6 MPH)
|
|
Batting: RHB Matt Wallace
|
0-0: Ball 1-0: Called Strike 1-1: Ground out 4-3 (Groundball, 4, EV 85.6 MPH)
|
| Top of the 1st over - 0 runs, 1 hit, 0 errors, 1 left on base; Southern Maryland 0 - Brockton 0 |
| BOTTOM OF THE 1ST |
|
Brockton Rox batting - Pitching for Southern Maryland Blue Crabs : RHP Sherwood Abernethy
|
|
Pitching: RHP Sherwood Abernethy
|
|
|
Batting: RHB Bob Reichley
|
0-0: Foul Ball, location: 2F 0-1: Ball 1-1: Foul Ball, location: 2F 1-2: Strikes out swinging, 2-3 out at first.
|
|
Batting: LHB Kenny Jackson
|
0-0: Foul Ball, location: 2F 0-1: Called Strike 0-2: Foul Ball, location: 2F 0-2: Fly out, F9 (Line Drive, 9LM, EV 104.4 MPH)
|
|
Batting: RHB Matt Walker
|
0-0: Swinging Strike 0-1: Ball 1-1: Called Strike 1-2: Fly out, F9 (Line Drive, 9, EV 85.6 MPH)
|
| Bottom of the 1st over - 0 runs, 0 hits, 0 errors, 0 left on base; Southern Maryland 0 - Brockton 0 |
| TOP OF THE 2ND |
|
Southern Maryland Blue Crabs batting - Pitching for Brockton Rox : RHP Nate Rollyson
|
|
Batting: SHB John Hiles
|
0-0: Called Strike 0-1: Fly out, F7 (Flyball, 78S, EV 80.0 MPH)
|
|
Batting: RHB Josh Ludwig
|
0-0: Ball 1-0: Ground out 6-3 (Groundball, 6, EV 109.4 MPH)
|
|
Batting: LHB Taylor Plummer
|
0-0: Ball 1-0: Called Strike 1-1: Ball 2-1: Ground out 6-3 (Groundball, 6, EV 91.2 MPH)
|
| Top of the 2nd over - 0 runs, 0 hits, 0 errors, 0 left on base; Southern Maryland 0 - Brockton 0 |
| BOTTOM OF THE 2ND |
|
Brockton Rox batting - Pitching for Southern Maryland Blue Crabs : RHP Sherwood Abernethy
|
|
Batting: LHB Eric Gaugler
|
0-0: Ground out 3-1 (Groundball, 34D, EV 102.5 MPH)
|
|
Batting: RHB Ryan Davis
|
0-0: Foul Ball, location: 2F 0-1: Fly out, F8 (Flyball, 8RD, EV 92.5 MPH)
|
|
Batting: RHB Jose Blocker
|
0-0: Ball 1-0: Fly out, F7 (Line Drive, 7S, EV 93.8 MPH)
|
| Bottom of the 2nd over - 0 runs, 0 hits, 0 errors, 0 left on base; Southern Maryland 0 - Brockton 0 |
| TOP OF THE 3RD |
|
Southern Maryland Blue Crabs batting - Pitching for Brockton Rox : RHP Nate Rollyson
|
|
Batting: RHB Hsui-chen Yang
|
0-0: Ball 1-0: Ball 2-0: Called Strike 2-1: Foul Ball, location: 2F 2-2: Foul Ball, location: 2F 2-2: Ball 3-2: Reached on error, E4 (Groundball, 4, EV 106.2 MPH)
|
|
Batting: RHB Tyler Cohen
|
0-0: 2-RUN HOME RUN (Line Drive, 7D, EV 108.8 MPH), Distance : 417 ft
|
|
Batting: RHB Eddie Morin
|
0-0: Ball 1-0: Ball 2-0: Ball 3-0: Called Strike 3-1: Base on Balls
|
|
Batting: LHB Sam Hontz
|
0-0: Ball 1-0: SINGLE (Flyball, 5D, EV 82.5 MPH) Eddie Morin to second
|
|
Batting: RHB Oscar Chapa
|
0-0: Fly out, F7 (Flyball, 7S, EV 81.9 MPH)
|
|
Batting: RHB Matt Wallace
|
0-0: Called Strike 0-1: Ball 1-1: Called Strike 1-2: Strikes out looking
|
|
Batting: SHB John Hiles
|
0-0: Ball 1-0: Ball 2-0: Swinging Strike 2-1: Called Strike 2-2: Foul Ball, location: 2F 2-2: Strikes out looking
|
| Top of the 3rd over - 2 runs, 2 hits, 1 error, 2 left on base; Southern Maryland 2 - Brockton 0 |
| BOTTOM OF THE 3RD |
|
Brockton Rox batting - Pitching for Southern Maryland Blue Crabs : RHP Sherwood Abernethy
|
|
Batting: RHB Wayne Whimster
|
0-0: Fly out, F7 (Flyball, 78M, EV 90.0 MPH)
|
|
Batting: LHB Alexis Toxqui
|
0-0: Called Strike 0-1: Ball 1-1: Foul Ball, location: 2F 1-2: Ball 2-2: SINGLE (Groundball, 25, EV 67.5 MPH) (infield hit)
|
|
Batting: LHB Darby Starburster
|
0-0: Called Strike 0-1: Foul Ball, location: 2F 0-2: Strikes out swinging
|
|
Batting: RHB Bob Reichley
|
0-0: Ball 1-0: Called Strike 1-1: Foul Ball, location: 2F 1-2: Fly out, F7 (Flyball, 7S, EV 83.8 MPH)
|
| Bottom of the 3rd over - 0 runs, 1 hit, 0 errors, 1 left on base; Southern Maryland 2 - Brockton 0 |
| TOP OF THE 4TH |
|
Southern Maryland Blue Crabs batting - Pitching for Brockton Rox : RHP Nate Rollyson
|
|
Batting: RHB Josh Ludwig
|
0-0: Swinging Strike 0-1: Ball 1-1: Fly out, F8 (Flyball, 78M, EV 90.6 MPH)
|
|
Batting: LHB Taylor Plummer
|
0-0: DOUBLE (Groundball, 3D, EV 108.8 MPH)
|
|
Batting: RHB Hsui-chen Yang
|
0-0: Foul Ball, location: 2F 0-1: Ball 1-1: Called Strike 1-2: SINGLE (Line Drive, 7S, EV 98.8 MPH) Taylor Plummer to third
|
|
Batting: RHB Tyler Cohen
|
0-0: Ball 1-0: Called Strike 1-1: Called Strike 1-2: Strikes out swinging
|
|
Batting: RHB Eddie Morin
|
0-0: Called Strike 0-1: Ball 1-1: Ground out 1-3 (Groundball, 15S, EV 66.9 MPH)
|
| Top of the 4th over - 0 runs, 2 hits, 0 errors, 2 left on base; Southern Maryland 2 - Brockton 0 |
| BOTTOM OF THE 4TH |
|
Brockton Rox batting - Pitching for Southern Maryland Blue Crabs : RHP Sherwood Abernethy
|
|
Batting: LHB Kenny Jackson
|
0-0: DOUBLE (Flyball, 89D, EV 105.6 MPH)
|
|
Batting: RHB Matt Walker
|
0-0: Swinging Strike 0-1: Swinging Strike 0-2: Strikes out looking
|
|
Batting: LHB Eric Gaugler
|
0-0: Ball 1-0: Ball 2-0: SINGLE (Line Drive, 8RS, EV 99.4 MPH) Kenny Jackson to third
|
|
Batting: RHB Ryan Davis
|
0-0: Ball 1-0: Ball 2-0: Ball 3-0: Called Strike 3-1: Base on Balls Eric Gaugler to second
|
|
Batting: RHB Jose Blocker
|
0-0: Called Strike 0-1: Foul Ball, location: 2F 0-2: Strikes out swinging
|
|
Batting: RHB Wayne Whimster
|
0-0: Ball 1-0: Swinging Strike 1-1: Ball 2-1: Ball 3-1: Foul Ball, location: 2F 3-2: Base on Balls Kenny Jackson scores Eric Gaugler to third Ryan Davis to second
|
|
Batting: LHB Alexis Toxqui
|
0-0: Ball 1-0: SINGLE (Groundball, 56D, EV 101.2 MPH) Eric Gaugler scores Ryan Davis to third Wayne Whimster to second Runner from 3rd tries for Home, SAFE, throw by LF to home
|
|
Batting: LHB Darby Starburster
|
0-0: Foul Ball, location: 2F 0-1: Foul Ball, location: 2F 0-2: Strikes out swinging
|
| Bottom of the 4th over - 3 runs, 3 hits, 0 errors, 2 left on base; Southern Maryland 2 - Brockton 3 |
| TOP OF THE 5TH |
|
Southern Maryland Blue Crabs batting - Pitching for Brockton Rox : RHP Nate Rollyson
|
|
Batting: LHB Sam Hontz
|
0-0: Foul Ball, location: 2F 0-1: Swinging Strike 0-2: Ball 1-2: Ball 2-2: Strikes out looking
|
|
Batting: RHB Oscar Chapa
|
0-0: Ball 1-0: Foul Ball, location: 2F 1-1: Swinging Strike 1-2: Ball 2-2: Ball 3-2: Foul Ball, location: 2F 3-2: Base on Balls
|
|
Batting: RHB Matt Wallace
|
0-0: Ball 1-0: Foul Ball, location: 2F 1-1: Called Strike 1-2: Strikes out swinging
|
|
Batting: SHB John Hiles
|
0-0: Called Strike 0-1: Ball 1-1: Ball 2-1: Foul Ball, location: 2F 2-2: Foul Ball, location: 2F 2-2: Strikes out swinging
|
| Top of the 5th over - 0 runs, 0 hits, 0 errors, 1 left on base; Southern Maryland 2 - Brockton 3 |
| BOTTOM OF THE 5TH |
|
Brockton Rox batting - Pitching for Southern Maryland Blue Crabs : RHP Sherwood Abernethy
|
|
Batting: RHB Bob Reichley
|
0-0: Foul Ball, location: 2F 0-1: SOLO HOME RUN (Flyball, 9D, EV 98.8 MPH), Distance : 394 ft
|
|
Batting: LHB Kenny Jackson
|
0-0: Ball 1-0: Fly out, F9 (Flyball, 9, EV 74.4 MPH)
|
|
Batting: RHB Matt Walker
|
0-0: Called Strike 0-1: Ball 1-1: Swinging Strike 1-2: Foul Ball, location: 2F 1-2: Ball 2-2: Strikes out looking
|
|
Batting: LHB Eric Gaugler
|
0-0: Ground out 4-3 (Groundball, 34D, EV 106.9 MPH)
|
| Bottom of the 5th over - 1 run, 1 hit, 0 errors, 0 left on base; Southern Maryland 2 - Brockton 4 |
| TOP OF THE 6TH |
|
Southern Maryland Blue Crabs batting - Pitching for Brockton Rox : RHP Nate Rollyson
|
|
Pitching: LHP Bob Strachan
|
|
|
Batting: RHB Josh Ludwig
|
0-0: Ball 1-0: Swinging Strike 1-1: Ball 2-1: Swinging Strike 2-2: Foul Ball, location: 2F 2-2: Fly out, F4 (Popup, 34, EV 67.5 MPH)
|
|
Batting: LHB Taylor Plummer
|
0-0: Ball 1-0: Ball 2-0: Called Strike 2-1: Foul Ball, location: 2F 2-2: Ball 3-2: Ground out 4-3 (Groundball, 4, EV 85.0 MPH)
|
|
Batting: RHB Hsui-chen Yang
|
0-0: Called Strike 0-1: Ball 1-1: Fly out, F8 (Flyball, 89M, EV 91.2 MPH)
|
| Top of the 6th over - 0 runs, 0 hits, 0 errors, 0 left on base; Southern Maryland 2 - Brockton 4 |
| BOTTOM OF THE 6TH |
|
Brockton Rox batting - Pitching for Southern Maryland Blue Crabs : RHP Sherwood Abernethy
|
|
Batting: RHB Ryan Davis
|
0-0: Called Strike 0-1: Called Strike 0-2: SINGLE (Flyball, 56D, EV 90.6 MPH)
|
|
Batting: RHB Jose Blocker
|
0-0: Fly out, F9 (Flyball, 9D, EV 89.4 MPH)
|
|
Batting: RHB Wayne Whimster
|
0-0: Called Strike 0-1: Ball 1-1: Ball 2-1: Ball 3-1: SINGLE (Flyball, 78S, EV 94.4 MPH) Ryan Davis to second
|
|
Batting: LHB Alexis Toxqui
|
0-0: SINGLE (Line Drive, 3D, EV 99.4 MPH) Ryan Davis to third Wayne Whimster to second
|
|
Batting: LHB Darby Starburster
|
0-0: Swinging Strike 0-1: Called Strike 0-2: Strikes out swinging
|
|
Batting: RHB Bob Reichley
|
0-0: Called Strike 0-1: Ball 1-1: Hit by Pitch Ryan Davis scores Wayne Whimster to third Alexis Toxqui to second
|
|
Pitching: RHP Russ Mathewson
|
|
|
Batting: LHB Kenny Jackson
|
0-0: Ball 1-0: Ball 2-0: Called Strike 2-1: DOUBLE (Line Drive, 5D, EV 103.1 MPH) Wayne Whimster scores Alexis Toxqui scores Bob Reichley to third
|
|
Batting: RHB Matt Walker
|
0-0: Fly out, F9 (Flyball, 9, EV 94.4 MPH)
|
| Bottom of the 6th over - 3 runs, 4 hits, 0 errors, 2 left on base; Southern Maryland 2 - Brockton 7 |
| TOP OF THE 7TH |
|
Southern Maryland Blue Crabs batting - Pitching for Brockton Rox : LHP Bob Strachan
|
|
Batting: RHB Tyler Cohen
|
0-0: Fly out, F6 (Popup, 4MD, EV 55.6 MPH)
|
|
Batting: RHB Eddie Morin
|
0-0: Called Strike 0-1: Swinging Strike 0-2: Strikes out swinging
|
|
Batting: LHB Sam Hontz
|
0-0: Ball 1-0: Ball 2-0: Ball 3-0: Base on Balls
|
|
Batting: RHB Oscar Chapa
|
0-0: Called Strike 0-1: Swinging Strike 0-2: Ball 1-2: Strikes out looking
|
| Top of the 7th over - 0 runs, 0 hits, 0 errors, 1 left on base; Southern Maryland 2 - Brockton 7 |
| BOTTOM OF THE 7TH |
|
Brockton Rox batting - Pitching for Southern Maryland Blue Crabs : RHP Russ Mathewson
|
|
Batting: LHB Eric Gaugler
|
0-0: Ball 1-0: Foul Ball, location: 2F 1-1: Called Strike 1-2: Fly out, F8 (Flyball, 89M, EV 96.9 MPH)
|
|
Batting: RHB Ryan Davis
|
0-0: Foul Ball, location: 2F 0-1: Foul Ball, location: 2F 0-2: Ball 1-2: Fly out, F8 (Flyball, 8RD, EV 103.8 MPH)
|
|
Batting: RHB Jose Blocker
|
0-0: Called Strike 0-1: Ball 1-1: Ground out 6-3 (Groundball, 6, EV 83.1 MPH)
|
| Bottom of the 7th over - 0 runs, 0 hits, 0 errors, 0 left on base; Southern Maryland 2 - Brockton 7 |
| TOP OF THE 8TH |
|
Southern Maryland Blue Crabs batting - Pitching for Brockton Rox : LHP Bob Strachan
|
|
Batting: RHB Matt Wallace
|
0-0: Foul Ball, location: 2F 0-1: Ball 1-1: Swinging Strike 1-2: Ball 2-2: Foul Ball, location: 2F 2-2: Foul Ball, location: 2F 2-2: Foul Ball, location: 2F 2-2: Ground out 5-3 (Groundball, 5, EV 83.8 MPH)
|
|
Batting: SHB John Hiles
|
0-0: Ball 1-0: Ball 2-0: Called Strike 2-1: Swinging Strike 2-2: SINGLE (Line Drive, 78S, EV 87.5 MPH)
|
|
Pitching: LHP Jamie Corbin
|
|
|
Batting: RHB Josh Ludwig
|
0-0: Ball 1-0: Foul Ball, location: 2F 1-1: Called Strike 1-2: Foul Ball, location: 2F 1-2: Foul Ball, location: 2F 1-2: Strikes out swinging
|
|
Pinch Hitting: LHB Stu Proulx
|
0-0: Ball 1-0: Foul Ball, location: 2F 1-1: Ball 2-1: Called Strike 2-2: Strikes out looking
|
| Top of the 8th over - 0 runs, 1 hit, 0 errors, 1 left on base; Southern Maryland 2 - Brockton 7 |
| BOTTOM OF THE 8TH |
|
Brockton Rox batting - Pitching for Southern Maryland Blue Crabs : RHP Russ Mathewson
|
|
Now in RF: Stu Proulx
|
|
|
Batting: RHB Wayne Whimster
|
0-0: Ball 1-0: SINGLE (Groundball, 34D, EV 100.0 MPH)
|
|
Batting: LHB Alexis Toxqui
|
0-0: Ball 1-0: Called Strike 1-1: Fielders Choice at 2nd, 4-6 (Groundball, 4M, EV 86.9 MPH)
|
|
Batting: LHB Darby Starburster
|
0-0: Ball 1-0: Called Strike 1-1: Fielders Choice at 2nd, 3-6 (Groundball, 3, EV 75.6 MPH)
|
|
Batting: RHB Bob Reichley
|
0-0: Ball Pickoff Throw to First - Error! E1 Darby Starburster to second 1-0: Fly out, F8 (Flyball, 89S, EV 92.5 MPH)
|
| Bottom of the 8th over - 0 runs, 1 hit, 1 error, 1 left on base; Southern Maryland 2 - Brockton 7 |
| TOP OF THE 9TH |
|
Southern Maryland Blue Crabs batting - Pitching for Brockton Rox : LHP Jamie Corbin
|
|
Batting: RHB Hsui-chen Yang
|
0-0: Called Strike 0-1: Ball 1-1: Ground out 4-3 (Groundball, 4, EV 101.2 MPH)
|
|
Batting: RHB Adam Beal
|
0-0: Ball 1-0: Swinging Strike 1-1: Ball 2-1: Ball 3-1: Foul Ball, location: 2F 3-2: SOLO HOME RUN (Flyball, 7LD, EV 98.8 MPH), Distance : 382 ft
|
|
Batting: RHB Eddie Morin
|
0-0: Ball 1-0: Called Strike 1-1: Foul Ball, location: 2F 1-2: Strikes out swinging
|
|
Batting: LHB Sam Hontz
|
0-0: Called Strike 0-1: Ball 1-1: Foul Ball, location: 2F 1-2: Strikes out looking
|
| Top of the 9th over - 1 run, 1 hit, 0 errors, 0 left on base; Southern Maryland 3 - Brockton 7 |
|